Map: Jagannatha LE

Players

Wings

  • Race: Protoss Protoss
  • League: Diamond

Subarashii - Winner!

  • Race: Protoss Protoss
  • League: Diamond

VOD

Have the link to the VOD?

Description

Time

  • Played on: April 30, 2021, 10:24 p.m.
  • Length: 6:40
Show
View Real Time Build Order
Export as new Build Order

Wings Protoss 

Build Orders: Cannon Rush 

Get SALT Encoding   

  12  0:00  Probe  
  13  0:12  Probe  
  14  0:18  Pylon  
  14  0:25  Probe  
  15  0:38  Probe  
  16  0:44  Forge  
  16  1:02  Pylon  
  16  1:03  Probe  
  17  1:15  Probe  
  18  1:26  Photon Cannon  
  18  1:27  Photon Cannon  
  18  1:29  Pylon  
  18  1:33  Pylon  
  18  1:52  Photon Cannon  
  18  1:53  Photon Cannon  
  18  1:54  Photon Cannon  
  18  2:00  Photon Cannon  
  18  2:11  Photon Cannon  
  18  2:16  Pylon  
  18  2:20  Probe  
  19  2:40  Gateway  
  19  2:46  Pylon, Probe  
  20  3:04  Gateway  
  20  3:16  Photon Cannon  
  20  3:20  Assimilator x2, Probe (Chrono Boost)  
  21  3:29  Probe (Chrono Boost)  
  21  3:32  Cybernetics Core  
  22  3:34  Pylon  
  22  3:38  Pylon  
  22  4:07  Nexus  
  20  5:32  Assimilator  
  20  5:37  Assimilator  
  20  5:40  Probe  
  21  5:51  Cybernetics Core  
  21  6:14  Pylon  
  21  6:18  Forge, Probe  
  23  6:34  Stargate  
Show
View Real Time Build Order
Export as new Build Order

Subarashii Protoss - Winner!

Build Orders: Double Forge 

Get SALT Encoding   

  12  0:00  Probe  
  13  0:12  Probe  
  14  0:22  Pylon  
  14  0:25  Probe  
  15  0:40  Probe (Chrono Boost)  
  15  0:41  Gateway  
  17  0:51  Probe (Chrono Boost)  
  17  0:56  Probe (Chrono Boost)  
  17  0:57  Assimilator  
  17  1:02  Assimilator  
  18  1:07  Probe (Chrono Boost)  
  19  1:16  Probe (Chrono Boost)  
  20  1:21  Probe (Chrono Boost)  
  21  1:28  Forge  
  21  1:31  Cybernetics Core  
  21  1:38  Pylon  
  21  2:02  Photon Cannon  
  21  2:06  Pylon  
  21  2:11  Photon Cannon  
  21  2:16  Pylon  
  21  2:19  Probe  
  22  2:28  Pylon  
  22  2:42  Stargate, Probe  
  23  3:00  Forge  
  23  3:01  Probe  
  24  3:13  Probe  
  24  3:17  Void Ray (Chrono Boost)  
  25  3:21  Shield Battery  
  29  3:39  Shield Battery  
  29  3:59  Nexus  
  29  4:02  Void Ray (Chrono Boost)  
  33  4:20  Gateway  
  33  4:24  Pylon  
  33  4:38  Pylon  
  33  4:59  Void Ray  
  33  5:03  Gateway  
  33  5:05  Pylon  
  37  5:14  Cybernetics Core  
  37  5:35  Gateway  
  37  5:39  Gateway, Probe  
  37  5:42  Pylon  
  38  5:45  Probe  
  38  5:48  Void Ray  
  39  5:51  Probe  
  44  6:03  Probe  
  47  6:16  Probe (Chrono Boost)  
  48  6:19  Assimilator  
  48  6:21  Assimilator  
  49  6:27  Photon Cannon, Probe (Chrono Boost)  
Tags
 
Add a new tag
Caveats
  • Supply blocks, unpowered buildings, or Contaminate may cause inaccurate times.
  • Supply counts are checked every 10 seconds.